 Dungeon Crawl Stone Soup version 0.30-a0-4-ga7cffc901d (webtiles) character file.

Game seed: 14153678905665886801

142 Setbun the Sneak (level 5, -1/30 HPs)
             Began as a Kobold Enchanter on Aug 20, 2022.
             Slain by an orc
             ... wielding a +0 club
              (3 damage)
             ... on level 3 of the Dungeon.
             The game lasted 00:03:30 (3190 turns).

Setbun the Sneak (Kobold Enchanter)                 Turns: 3190, Time: 00:03:31

Health: -1/30      AC:  2    Str: 12    XL:     5   Next: 50%
Magic:  9/9        EV: 12    Int: 16    God:
Gold:   170        SH:  0    Dex: 17    Spells: 4/9 levels left

rFire   . . .      SeeInvis .    r - +0 dagger (vamp)
rCold   . . .      Faith    .    (no shield)
rNeg    . . .      Spirit   .    b - +0 robe
rPois   .          Reflect  .    (no helmet)
rElec   .          Harm     .    (no cloak)
rCorr   .          Rampage  .    (no gloves)
Will    .....                    (no boots)
Stlth   ++++......               (no amulet)
HPRegen 0.10/turn                g - +6 ring of strength
MPRegen 0.11/turn                q - ring of wizardry

@: hasted, constricted, invisible, very quick
A: small, no large weapons, nightstalker 3
a: no special abilities


You were on level 3 of the Dungeon.
You visited 1 branch of the dungeon, and saw 3 of its levels.

You collected 170 gold pieces.

Inventory:

Hand Weapons
 a - a +1 dagger
 r - a +0 vampiric dagger (weapon)
Missiles
 i - 3 throwing nets (quivered)
Armour
 b - a +0 robe (worn)
 h - the +5 ring mail of Objectivity {Dex+6}
   (You found it on level 2 of the Dungeon)

   Dex:       It affects your dexterity (+6).
 t - a scarf of harm
Jewellery
 g - a +6 ring of strength (left hand)
 q - a ring of wizardry (right hand)
Scrolls
 d - 3 scrolls of enchant weapon {unknown}
 e - a scroll of identify {unknown}
 k - a scroll of vulnerability {unknown}
 l - a scroll of noise {unknown}
 m - a scroll of silence {unknown}
 n - a scroll of immolation {unknown}
 o - 2 scrolls of teleportation {unknown}
 p - a scroll of poison {unknown}
Potions
 c - a potion of invisibility
 f - a potion of haste
 j - a potion of lignification {unknown}
 s - a potion of attraction {unknown}


   Skills:
 + Level 1.6 Fighting
 * Level 3.6 Short Blades
 + Level 3.2 Dodging
 + Level 4.8 Stealth
 + Level 2.8 Spellcasting
 + Level 3.4 Hexes


You had 4 spell levels left.
You knew the following spells:

 Your Spells              Type           Power      Damage    Failure   Level
a - Ensorcelled Hibernat  Hex/Ice        14%        N/A       6%          2
b - Confusing Touch       Hex            13%        N/A       6%          3

Your spell library contained the following spells:

 Spells                   Type           Power      Damage    Failure   Level
 Tukima's Dance           Hex            13%        N/A       6%          3
 Dazzling Flash           Conj/Hex       14%        N/A       12%         3


Dungeon Overview and Level Annotations

Branches:
Dungeon (3/15)

Altars:


Innate Abilities, Weirdness & Mutations

You are small and have problems with some larger weapons.
You are completely attuned to the shadows.


Message History

Things that are here:
a +0 dagger; a +0 robe The hobgoblin shouts!
The ball python hisses angrily.
The orc shouts! x3
The orc hits you with a +2 vorpal hand axe!
The orc barely misses you. The ball python misses you.
The ball python grabs you. The ball python constricts you.
You escape the ball python's grasp.
The orc attacks as you move away! The orc closely misses you.
The orc attacks as you move away! The orc closely misses you.
The orc attacks as you move away! The orc barely misses you.
The orc attacks as you move away!
The orc hits you with a +2 vorpal hand axe.
The orc attacks as you move away!
The orc hits you with a +2 vorpal hand axe.
The ball python barely misses you. The ball python grabs you.
The ball python constricts you.
You escape the ball python's grasp.
The hobgoblin completely misses you. The orc attacks as you move away!
The orc hits you with a +2 vorpal hand axe.
* * * LOW HITPOINT WARNING * * *
x2 The ball python barely misses you.
The ball python grabs you. The ball python constricts you.
Casting: Ensorcelled Hibernation (safe; 6% risk of failure)
Confirm with . or Enter, or press ? or * to list all spells.
Okay, then.
You fade into invisibility!
The ball python closely misses you. The ball python constricts you.
* * * LOW HITPOINT WARNING * * *
The orc hits you with a +0 dagger.
* * * LOW HITPOINT WARNING * * *
The orc closely misses you.
Casting: Ensorcelled Hibernation (safe; 6% risk of failure)
Confirm with . or Enter, or press ? or * to list all spells.
Okay, then.
It was a potion of haste.
You feel yourself speed up. The ball python bites you.
* * * LOW HITPOINT WARNING * * *
The ball python constricts you. The orc barely misses you.
The orc hits you with a +0 club.
You die...

#...............#
#..........
#########.
###########
#.........#
#.........#
###........o#
..........So#
.........go@#
.....#.#
.....)......#
........
............#
.......#
............##
.......##
.............#
......>..
.......#....#
......###
......#....#
......###
.....#....#
.........
....#....#
.........


You could see 3 orcs, a hobgoblin (unable to see you) and a ball python (unable
to see you).

Vanquished Creatures
  An orc priest (D:3)
  An iguana (D:3)
  An orc wizard (D:3)
  An adder (D:2)
  6 orcs (D:3)
  4 bats
  5 endoplasms
  3 giant cockroaches
  4 goblins
  2 hobgoblins
  2 jackals (D:3)
  5 kobolds
  A quokka (D:1)
  3 ball pythons
  3 frilled lizards
  5 rats
47 creatures vanquished.

Notes
Turn   | Place    | Note
-------+----------+-------------------------------------------
     0 | D:1      | Setbun the Kobold Enchanter began the quest for the Orb.
     0 | D:1      | Reached XP level 1. HP: 10/10 MP: 3/3
   228 | D:1      | Reached XP level 2. HP: 16/16 MP: 5/5
   352 | D:1      | Found a faded altar of an unknown god.
   936 | D:2      | Reached XP level 3. HP: 20/20 MP: 6/6
   939 | D:2      | Learned a level 2 spell: Ensorcelled Hibernation
   943 | D:2      | Learned a level 3 spell: Confusing Touch
   994 | D:2      | Identified the +5 ring mail of Objectivity {Dex+6}
  1914 | D:3      | Reached skill level 1 in Fighting
  1914 | D:3      | Reached XP level 4. HP: 10/25 MP: 4/7
  2201 | D:3      | Reached XP level 5. HP: 29/29 MP: 1/9
  3190 | D:3      | Slain by an orc

Illustrated notes

Levels and vault maps discovered:
D:1:      evilmike_arrival_plus, layout_loops_ring,
          ebering_ecumenical_altar_rust
D:2:      layout_loops_cross, serial_aquarium, aquarium_bridge_long_joined
          [aquarium_subvault_window, aquarium_subvault_bridge,
          aquarium_subvault_window, aquarium_subvault_wall,
          aquarium_subvault_window, aquarium_subvault_window],
          aquarium_window_fake, aquarium_window_fake, aquarium_window_fake,
          aquarium_window_fake, aquarium_view_2a, aquarium_balcony_1a,
          aquarium_pool_five
D:3:      layout_basic, chequers_serial_rivers_small_3, minmay_pentomino_pile

Skill      XL: |  1  2  3  4 |
---------------+-------------+-----
Short Blades   | 2 3 |  3.6
Fighting       | 1 |  1.6
Dodging        | 3 |  3.2
Stealth        | |  4.8
Spellcasting   | |  2.8
Hexes          | |  3.4

Action                   |  1- 3 |  4- 6 || total
-------------------------+-------+-------++-------
Melee: Dagger            |    50 |    40 ||    90
       Punch             |     1 |       ||     1
 Cast: Ensorcelled Hiber |     1 |    11 ||    12
  Use: Potion            |       |     2 ||     2
 Stab: Sleeping          |    23 |     8 ||    31
Armor: Robe              |     4 |     7 ||    11
Dodge: Dodged            |    18 |    47 ||    65

Table legend: (Time is in decaauts)
 A = Elapsed time spent in this place.
 B = Non-inter-level travel time spent in this place.
 C = Inter-level travel time spent in this place.
 D = Time resting spent in this place.
 E = Time spent auto-exploring this place.
 F = Levels seen in this place.
 G = Mean time per level.
                   A        B        C        D        E       F      G
               +--------+--------+--------+--------+--------+-----+--------+
         Total |   3178 |   3008 |    170 |    830 |   1818 |   3 | 1059.3 |
       Dungeon |   3178 |   3008 |    170 |    830 |   1818 |   3 | 1059.3 |
               +--------+--------+--------+--------+--------+-----+--------+

Top non-repeatable levels by time:
     D:2: 1160 daAuts
     D:3: 1146 daAuts
     D:1: 871 daAuts
